TOP OF THE 1ST |
University of Michigan Wolverines batting - Pitching for Oklahoma State University Cowboys : RHP Matt Parsons
|
Pitching: RHP Matt Parsons
|
|
Batting: RHB Jamie Broadhurst
|
0-0: Ball 1-0: Swinging Strike 1-1: Swinging Strike 1-2: Strikes out swinging
|
Batting: LHB Dave Cook
|
0-0: SINGLE (Line Drive, 4MD, EV 96.2 MPH)
|
Batting: LHB Adrian Navarro
|
0-0: Fly out, F8 (Line Drive, 8RD, EV 94.4 MPH)
|
Batting: RHB Franklin Ortega
|
0-0: Called Strike 0-1: Ball Wild Pitch! Dave Cook to second 1-1: Ball 2-1: Fly out, F9 (Flyball, 89D, EV 98.1 MPH)
|
Top of the 1st over - 0 runs, 1 hit, 0 errors, 1 left on base; University of Michigan 0 - Oklahoma State University 0 |
BOTTOM OF THE 1ST |
Oklahoma State University Cowboys batting - Pitching for University of Michigan Wolverines : RHP Alberto Cabrera
|
Pitching: RHP Alberto Cabrera
|
|
Batting: RHB Mennad Maalik
|
0-0: Called Strike 0-1: Ball 1-1: Ball 2-1: Ball 3-1: Called Strike 3-2: DOUBLE (Line Drive, 89D, EV 106.9 MPH)
|
Batting: RHB Ji-an See-to
|
0-0: Ball 1-0: Reached on error, E2 (Groundball, 15S, EV 70.6 MPH) Mennad Maalik to third
|
Batting: RHB Masakuni Takeuchi
|
0-0: Grounds into double play, 4-6-3 (Groundball, 4, EV 81.9 MPH) Mennad Maalik scores
|
Batting: LHB Vecdi Ertegun
|
0-0: Ball 1-0: Foul Ball, location: 2F 1-1: Ball 2-1: Ball 3-1: Base on Balls
|
Batting: RHB Ben Saxton
|
0-0: Called Strike 0-1: Ball 1-1: Ball 2-1: Fly out, F8 (Flyball, 8LM, EV 79.4 MPH)
|
Bottom of the 1st over - 1 run, 1 hit, 1 error, 1 left on base; University of Michigan 0 - Oklahoma State University 1 |
TOP OF THE 2ND |
University of Michigan Wolverines batting - Pitching for Oklahoma State University Cowboys : RHP Matt Parsons
|
Batting: RHB Jason Rhodes
|
0-0: Ball 1-0: Called Strike 1-1: SINGLE (Groundball, 34D, EV 105.0 MPH)
|
Batting: RHB Dave Guevara
|
0-0: Foul Ball, location: 2F 0-1: Fielders Choice at 2nd, 4-6 (Groundball, 4, EV 81.9 MPH)
|
Batting: LHB Gabe Morales
|
0-0: Ball Wild Pitch! Dave Guevara to second 1-0: Reached via error on a dropped throw from 1B, E1 (Groundball, 34, EV 84.4 MPH) Dave Guevara to third
|
Batting: RHB Wei-fang Ping
|
0-0: Ball 1-0: Ball 2-0: Ball 3-0: Base on Balls Gabe Morales to second
|
Batting: RHB Glen Limeburner
|
0-0: Ball 1-0: Called Strike 1-1: Called Strike 1-2: Foul Ball, location: 2F 1-2: Foul Ball, location: 2F 1-2: Ball 2-2: Foul Ball, location: 2F 2-2: Foul Ball, location: 2F 2-2: Strikes out swinging
|
Batting: RHB Jamie Broadhurst
|
0-0: Called Strike 0-1: Fly out, F2 (Popup, 2RF, EV 90.6 MPH)
|
Top of the 2nd over - 0 runs, 1 hit, 1 error, 3 left on base; University of Michigan 0 - Oklahoma State University 1 |
BOTTOM OF THE 2ND |
Oklahoma State University Cowboys batting - Pitching for University of Michigan Wolverines : RHP Alberto Cabrera
|
Batting: SHB Mel Gonzalez
|
0-0: Foul Ball, location: 2F 0-1: Ball 1-1: Called Strike 1-2: SINGLE (Line Drive, 78S, EV 93.1 MPH)
|
Batting: RHB Mark Tart
|
0-0: Foul Ball, location: 2F 0-1: Swinging Strike 0-2: Ball 1-2: Ground out 5-3 (Groundball, 5L, EV 85.0 MPH) Mel Gonzalez to second
|
Batting: RHB Hidemitsu Matsuno
|
0-0: Ball 1-0: Fly out, F8 (Flyball, 8RXD, EV 79.4 MPH) Runner from 2nd tags up, SAFE at 3rd, no throw by CF
|
Batting: RHB Alex Montiel
|
0-0: Ball 1-0: Swinging Strike 1-1: DOUBLE (Groundball, 5L, EV 104.4 MPH) Mel Gonzalez scores
|
Batting: RHB Mennad Maalik
|
0-0: Called Strike 0-1: Fly out, F7 (Flyball, 78M, EV 85.6 MPH)
|
Bottom of the 2nd over - 1 run, 2 hits, 0 errors, 1 left on base; University of Michigan 0 - Oklahoma State University 2 |
TOP OF THE 3RD |
University of Michigan Wolverines batting - Pitching for Oklahoma State University Cowboys : RHP Matt Parsons
|
Batting: LHB Dave Cook
|
0-0: Called Strike 0-1: Foul Ball, location: 2F 0-2: Foul Ball, location: 2F 0-2: Ball 1-2: Strikes out swinging
|
Batting: LHB Adrian Navarro
|
0-0: Swinging Strike 0-1: Swinging Strike 0-2: Ball 1-2: Ball 2-2: Ball 3-2: Fly out, F9 (Flyball, 9LM, EV 81.9 MPH)
|
Batting: RHB Franklin Ortega
|
0-0: Called Strike 0-1: Fly out, F8 (Flyball, 8LD, EV 96.9 MPH)
|
Top of the 3rd over - 0 runs, 0 hits, 0 errors, 0 left on base; University of Michigan 0 - Oklahoma State University 2 |
BOTTOM OF THE 3RD |
Oklahoma State University Cowboys batting - Pitching for University of Michigan Wolverines : RHP Alberto Cabrera
|
Batting: RHB Ji-an See-to
|
0-0: Ball 1-0: Fly out, F4 (Flyball, 4MD, EV 96.9 MPH)
|
Batting: RHB Masakuni Takeuchi
|
0-0: Called Strike 0-1: Ball 1-1: Ball 2-1: Ball 3-1: Foul Ball, location: 2F 3-2: Strikes out swinging
|
Batting: LHB Vecdi Ertegun
|
0-0: Ball 1-0: Called Strike 1-1: Foul Ball, location: 2F 1-2: SINGLE (Groundball, 6S, EV 72.5 MPH) (infield hit)
|
Batting: RHB Ben Saxton
|
0-0: Ball 1-0: Foul Ball, location: 2F 1-1: Ball Vecdi Ertegun steals 2nd base 2-1: Called Strike 2-2: Ground out 3-1 (Groundball, 34S, EV 88.1 MPH)
|
Bottom of the 3rd over - 0 runs, 1 hit, 0 errors, 1 left on base; University of Michigan 0 - Oklahoma State University 2 |
TOP OF THE 4TH |
University of Michigan Wolverines batting - Pitching for Oklahoma State University Cowboys : RHP Matt Parsons
|
Batting: RHB Jason Rhodes
|
0-0: Ground out 1-3 (Groundball, 13, EV 70.6 MPH)
|
Batting: RHB Dave Guevara
|
0-0: Called Strike 0-1: Foul Ball, location: 2F 0-2: Foul Ball, location: 2F 0-2: Ball 1-2: Fly out, F3 (Popup, 3, EV 64.4 MPH)
|
Batting: LHB Gabe Morales
|
0-0: Called Strike 0-1: SINGLE (Groundball, 4D, EV 94.4 MPH)
|
Batting: RHB Wei-fang Ping
|
0-0: Ball 1-0: Swinging Strike 1-1: Swinging Strike 1-2: Strikes out swinging
|
Top of the 4th over - 0 runs, 1 hit, 0 errors, 1 left on base; University of Michigan 0 - Oklahoma State University 2 |
BOTTOM OF THE 4TH |
Oklahoma State University Cowboys batting - Pitching for University of Michigan Wolverines : RHP Alberto Cabrera
|
Batting: SHB Mel Gonzalez
|
0-0: Swinging Strike 0-1: Ball 1-1: Ball 2-1: SINGLE (Line Drive, 8LS, EV 91.2 MPH)
|
Batting: RHB Mark Tart
|
0-0: Called Strike 0-1: Ball 1-1: Ball 2-1: Called Strike 2-2: Strikes out looking
|
Batting: RHB Hidemitsu Matsuno
|
0-0: Fly out, F8 (Flyball, 8LD, EV 100.6 MPH)
|
Batting: RHB Alex Montiel
|
0-0: Ball 1-0: Foul Ball, location: 2F 1-1: Swinging Strike 1-2: Foul Ball, location: 2F 1-2: Ground out 4-3 (Groundball, 34S, EV 69.4 MPH)
|
Bottom of the 4th over - 0 runs, 1 hit, 0 errors, 1 left on base; University of Michigan 0 - Oklahoma State University 2 |
TOP OF THE 5TH |
University of Michigan Wolverines batting - Pitching for Oklahoma State University Cowboys : RHP Matt Parsons
|
Batting: RHB Glen Limeburner
|
0-0: Ground out 6-3 (Groundball, 6, EV 78.8 MPH)
|
Batting: RHB Jamie Broadhurst
|
0-0: Ball 1-0: Fly out, F4 (Popup, 4S, EV 63.8 MPH)
|
Batting: LHB Dave Cook
|
0-0: Called Strike 0-1: Foul Ball, location: 2F 0-2: Ball 1-2: Strikes out looking
|
Top of the 5th over - 0 runs, 0 hits, 0 errors, 0 left on base; University of Michigan 0 - Oklahoma State University 2 |
BOTTOM OF THE 5TH |
Oklahoma State University Cowboys batting - Pitching for University of Michigan Wolverines : RHP Alberto Cabrera
|
Batting: RHB Mennad Maalik
|
0-0: Swinging Strike 0-1: Called Strike 0-2: Ball 1-2: Ball 2-2: Foul Ball, location: 2F 2-2: Strikes out looking
|
Batting: RHB Ji-an See-to
|
0-0: Called Strike 0-1: Swinging Strike 0-2: Fly out, F8 (Flyball, 8RM, EV 91.9 MPH)
|
Batting: RHB Masakuni Takeuchi
|
0-0: Called Strike 0-1: Foul Ball, location: 2F 0-2: Foul Ball, location: 2F 0-2: Ball 1-2: Ball 2-2: Fly out, F9 (Flyball, 9LSF, EV 71.2 MPH)
|
Bottom of the 5th over - 0 runs, 0 hits, 0 errors, 0 left on base; University of Michigan 0 - Oklahoma State University 2 |
TOP OF THE 6TH |
University of Michigan Wolverines batting - Pitching for Oklahoma State University Cowboys : RHP Matt Parsons
|
Batting: LHB Adrian Navarro
|
0-0: Ball 1-0: Called Strike 1-1: Called Strike 1-2: Ball 2-2: Strikes out swinging
|
Batting: RHB Franklin Ortega
|
0-0: Ball 1-0: Ball 2-0: Ball 3-0: Called Strike 3-1: Base on Balls
|
Batting: RHB Jason Rhodes
|
0-0: Fielders Choice at 2nd, 5-4 (Groundball, 56, EV 90.0 MPH)
|
Batting: RHB Dave Guevara
|
0-0: Ball 1-0: Ball 2-0: Called Strike 2-1: Foul Ball, location: 2F 2-2: Foul Ball, location: 2F 2-2: Foul Ball, location: 2F 2-2: Foul Ball, location: 2F 2-2: Foul Ball, location: 2F 2-2: Ball 3-2: Strikes out swinging
|
Top of the 6th over - 0 runs, 0 hits, 0 errors, 1 left on base; University of Michigan 0 - Oklahoma State University 2 |
BOTTOM OF THE 6TH |
Oklahoma State University Cowboys batting - Pitching for University of Michigan Wolverines : RHP Alberto Cabrera
|
Batting: LHB Vecdi Ertegun
|
0-0: Ball 1-0: Called Strike 1-1: Called Strike 1-2: Foul Ball, location: 2F 1-2: Strikes out swinging
|
Batting: RHB Ben Saxton
|
0-0: Foul Ball, location: 2F 0-1: SINGLE (Groundball, 6MD, EV 108.1 MPH)
|
Batting: SHB Mel Gonzalez
|
0-0: Called Strike 0-1: Foul Ball, location: 2F 0-2: Ball 1-2: DOUBLE (Flyball, 78D, EV 93.1 MPH) Ben Saxton to third Runner from 3rd tries for Home, SAFE, no throw by LF
|
Batting: RHB Mark Tart
|
0-0: Ball 1-0: Ball 2-0: Called Strike 2-1: Ball 3-1: Fly out, F8 (Flyball, 8LM, EV 83.8 MPH)
|
Batting: RHB Hidemitsu Matsuno
|
0-0: Ball 1-0: Ball 2-0: Ball 3-0: Base on Balls
|
Batting: RHB Alex Montiel
|
0-0: Foul Ball, location: 2F 0-1: SINGLE (Groundball, 6MD, EV 95.6 MPH) Mel Gonzalez to third Hidemitsu Matsuno to second Runner from 3rd tries for Home, SAFE, throw by CF to home
|
Batting: RHB Mennad Maalik
|
0-0: Ball 1-0: Ball 2-0: Ball 3-0: Called Strike 3-1: Swinging Strike 3-2: Ground out U3 (Groundball, 34, EV 89.4 MPH)
|
Bottom of the 6th over - 2 runs, 3 hits, 0 errors, 2 left on base; University of Michigan 0 - Oklahoma State University 4 |
TOP OF THE 7TH |
University of Michigan Wolverines batting - Pitching for Oklahoma State University Cowboys : RHP Matt Parsons
|
Pitching: RHP Franck Basset
|
|
Batting: LHB Gabe Morales
|
0-0: Called Strike 0-1: Ball 1-1: SOLO HOME RUN (Line Drive, 89XD, EV 111.9 MPH), Distance : 441 ft
|
Batting: RHB Wei-fang Ping
|
0-0: Fly out, F7 (Line Drive, 7D, EV 98.1 MPH)
|
Batting: RHB Glen Limeburner
|
0-0: Called Strike 0-1: Ball 1-1: Ball 2-1: Ball 3-1: Called Strike 3-2: Foul Ball, location: 2F 3-2: Foul Ball, location: 2F 3-2: SINGLE (Line Drive, 4M, EV 104.4 MPH)
|
Batting: RHB Jamie Broadhurst
|
0-0: Ball Wild Pitch! Glen Limeburner to second 1-0: Ball 2-0: Called Strike 2-1: Foul Ball, location: 2F 2-2: Strikes out swinging
|
Batting: LHB Dave Cook
|
0-0: Ball 1-0: Called Strike 1-1: Ball 2-1: Ball 3-1: Foul Ball, location: 2F 3-2: Base on Balls
|
Batting: LHB Adrian Navarro
|
0-0: Foul Ball, location: 2F 0-1: Foul Ball, location: 2F 0-2: Ball 1-2: Foul Ball, location: 2F 1-2: Fly out, F7 (Flyball, 7LS, EV 90.6 MPH)
|
Top of the 7th over - 1 run, 2 hits, 0 errors, 2 left on base; University of Michigan 1 - Oklahoma State University 4 |
BOTTOM OF THE 7TH |
Oklahoma State University Cowboys batting - Pitching for University of Michigan Wolverines : RHP Alberto Cabrera
|
Pitching: RHP Reginald Bamber
|
|
Batting: RHB Ji-an See-to
|
0-0: DOUBLE (Flyball, 8LXD, EV 100.0 MPH)
|
Batting: RHB Masakuni Takeuchi
|
0-0: Intentional Walk
|
Batting: LHB Vecdi Ertegun
|
0-0: Called Strike 0-1: Ball 1-1: Called Strike 1-2: Fly out, F9 (Flyball, 89S, EV 93.8 MPH)
|
Batting: RHB Ben Saxton
|
0-0: Called Strike 0-1: Ball 1-1: Ball 2-1: DOUBLE (Line Drive, 5D, EV 100.0 MPH) Ji-an See-to scores Masakuni Takeuchi to third
|
Batting: SHB Mel Gonzalez
|
0-0: Ball 1-0: Called Strike 1-1: Foul Ball, location: 2F 1-2: SINGLE (Line Drive, 9LS, EV 97.5 MPH) Masakuni Takeuchi scores Ben Saxton to third Runner from 3rd tries for Home, SAFE, throw by RF to home
|
Pitching: RHP Marshall Laurence
|
|
Batting: RHB Mark Tart
|
0-0: Called Strike 0-1: Swinging Strike 0-2: Ball 1-2: Foul Ball, location: 2F 1-2: Fly out, F8 (Flyball, 78D, EV 96.9 MPH)
|
Batting: RHB Hidemitsu Matsuno
|
0-0: Called Strike 0-1: Ball 1-1: Swinging Strike 1-2: Foul Ball, location: 2F 1-2: Strikes out looking
|
Bottom of the 7th over - 3 runs, 3 hits, 0 errors, 1 left on base; University of Michigan 1 - Oklahoma State University 7 |
TOP OF THE 8TH |
University of Michigan Wolverines batting - Pitching for Oklahoma State University Cowboys : RHP Franck Basset
|
Pitching: RHP Chang-wei Quian
|
|
Batting: RHB Franklin Ortega
|
0-0: Ground out 3-1 (Groundball, 34S, EV 90.6 MPH)
|
Batting: RHB Jason Rhodes
|
0-0: Ball 1-0: Foul Ball, location: 2F 1-1: Fly out, F6 (Line Drive, 6, EV 73.1 MPH)
|
Pinch Hitting: RHB Edwin Nunez
|
0-0: Swinging Strike 0-1: Called Strike 0-2: Foul Ball, location: 2F 0-2: Strikes out looking
|
Top of the 8th over - 0 runs, 0 hits, 0 errors, 0 left on base; University of Michigan 1 - Oklahoma State University 7 |
BOTTOM OF THE 8TH |
Oklahoma State University Cowboys batting - Pitching for University of Michigan Wolverines : RHP Marshall Laurence
|
Now at SS: Edwin Nunez
|
|
Batting: RHB Alex Montiel
|
0-0: Fly out, F7 (Flyball, 7, EV 88.1 MPH)
|
Batting: RHB Mennad Maalik
|
0-0: Called Strike 0-1: Swinging Strike 0-2: SINGLE (Line Drive, 78S, EV 107.5 MPH)
|
Batting: RHB Ji-an See-to
|
0-0: Called Strike 0-1: Ball 1-1: Called Strike 1-2: Fly out, F2 (Popup, 2RF, EV 93.8 MPH)
|
Batting: RHB Masakuni Takeuchi
|
0-0: Ball 1-0: Reached on error, E4 (Groundball, 34, EV 80.0 MPH) Mennad Maalik to third
|
Batting: LHB Vecdi Ertegun
|
0-0: Foul Ball, location: 2F Balk! Mennad Maalik scores Masakuni Takeuchi to third 0-1: Called Strike 0-2: Strikes out swinging
|
Bottom of the 8th over - 1 run, 1 hit, 1 error, 1 left on base; University of Michigan 1 - Oklahoma State University 8 |
TOP OF THE 9TH |
University of Michigan Wolverines batting - Pitching for Oklahoma State University Cowboys : RHP Chang-wei Quian
|
Pinch Hitting: RHB Justin Young
|
0-0: Ball 1-0: Ball 2-0: Called Strike 2-1: Ball 3-1: Foul Ball, location: 2F 3-2: Foul Ball, location: 2F 3-2: SOLO HOME RUN (Flyball, 7D, EV 95.6 MPH), Distance : 385 ft
|
Pinch Hitting: LHB Joel Sandoval
|
0-0: Ball 1-0: Ground out U3 (Groundball, 23, EV 83.8 MPH)
|
Batting: RHB Glen Limeburner
|
0-0: SINGLE (Flyball, 6MD, EV 88.8 MPH) - OUT at second base trying to stretch hit.
|
Batting: RHB Jamie Broadhurst
|
0-0: Ball 1-0: Called Strike 1-1: Ground out 3-1 (Groundball, 34S, EV 92.5 MPH)
|
Top of the 9th over - 1 run, 2 hits, 0 errors, 0 left on base; University of Michigan 2 - Oklahoma State University 8 |
|